 Dungeon Crawl Stone Soup version 0.27.0-1-g7a089689b8 (webtiles) character file.

Game seed: 2732273864873862632

150 dipablo the Covered (level 5, -4/49 HPs)
             Began as a Deep Dwarf Fighter on Aug 3, 2021.
             Slain by Sigmund (7 damage)
             ... on level 3 of the Dungeon.
             The game lasted 00:06:33 (1609 turns).

dipablo the Covered (Deep Dwarf Fighter)            Turns: 1609, Time: 00:06:33

Health: -4/49      AC:  9    Str: 21    XL:     5   Next: 10%
Magic:  4/4        EV:  8    Int:  8    God:
Gold:   68         SH:  9    Dex: 12    Spells: 4/4 levels left

rFire    . . .     SeeInvis .   a - +0 war axe
rCold    . . .     Faith    .   c - +0 kite shield
rNeg     . . .     Spirit   .   b - +0 scale mail
rPois    .         Reflect  .   (no helmet)
rElec    .         Harm     .   (no cloak)
rCorr    .         Rampage  .   m - +0 pair of gloves
Will     .....                  n - +0 pair of boots
Stlth    ..........             (no amulet)
HPRegen  0.00/turn              (no ring)
MPRegen  0.09/turn              (no ring)

@: no status effects
A: damage resistance, heal wounds, sense surroundings 1, no regeneration
a: Heal Wounds


You were on level 3 of the Dungeon.
You visited 1 branch of the dungeon, and saw 3 of its levels.

You collected 68 gold pieces.

Inventory:

Hand Weapons
 a - a +0 war axe (weapon)
Armour
 b - a +0 scale mail (worn)
 c - a +0 kite shield (worn)
 m - a +0 pair of gloves (worn)
   (You found it on level 2 of the Dungeon)
 n - a +0 pair of boots (worn)
   (You found it on level 2 of the Dungeon)
Jewellery
 e - a ring of wizardry
   (You found it on level 1 of the Dungeon)
Scrolls
 f - a scroll of magic mapping {unknown}
 h - 3 scrolls of identify {unknown}
 l - a scroll of teleportation {unknown}
 o - a scroll of blinking {unknown}
 p - a scroll of acquirement {unknown}
Potions
 d - a potion of might
 g - a potion of degeneration {unknown}
 i - a potion of heal wounds {unknown}
 j - a potion of curing {unknown}
 k - a potion of cancellation {unknown}


   Skills:
 * Level 3.5 Fighting
 * Level 3.4 Axes
 * Level 4.2 Armour
 + Level 1.6 Dodging
 + Level 3.6 Shields


You had 4 spell levels left.
You didn't know any spells.
Your spell library was empty.

Dungeon Overview and Level Annotations

Branches:
Dungeon (3/15)

Altars:
Vehumet

Annotations:
D:3 Sigmund


Innate Abilities, Weirdness & Mutations

You are resistant to damage.
You can heal yourself by infusing magical energy.
You passively map a small area around you.
You do not regenerate.


Message History

There is an open door here.
Found an escape hatch in the ceiling.
There is an escape hatch in the ceiling here.
Found an escape hatch in the floor.
A rat comes into view.
You block the rat's attack.
You slash the rat!
You kill the rat!
You see here a rat corpse.
You now have 67 gold pieces (gained 8).
Found a stone staircase leading down.
q - a ring of wizardry Drop what? 17/52 slots (_ for help) (? for menu, Esc to quit)
You drop a ring of wizardry.
You open the door.
There is an open door here.
Key pressed, stopping explore.
A bat comes into view.
A bat is nearby!
You are too injured to fight recklessly!
You are too injured to fight recklessly!
You hit the bat.
You kill the bat!
A hobgoblin comes into view.
The hobgoblin shouts!
The hobgoblin barely misses you.
You slash the hobgoblin!
You kill the hobgoblin!
As you open the door, it creaks loudly!
A goblin comes into view. It is wielding a +0 club.
The goblin shouts!
There is an open door here.
You slash the goblin!
You kill the goblin!
Things that are here:
a +0 club; a goblin corpse You open the door.
There is an open door here.
An orc comes into view. It is wielding a +0 dagger.
The orc shouts!
You see here a gold piece.
You see here a gold piece.
You now have 68 gold pieces (gained 1).
You hit the orc. The orc closely misses you.
You hit the orc.
You kill the orc!
Things that are here:
a +0 dagger; an orc corpse You open the door.
Found a stone staircase leading down.
There is an open door here.
You see here a +0 robe.
Key pressed, stopping explore.
You open the door.
There is an open door here.
Things that are here:
a +0 dagger; an orc corpse You open the door.
Sigmund the Dreaded comes into view.
He is wielding a +0 scythe.
Sigmund shouts!
There is an open door here.
You fail to use your ability.
Your magical essence is drained by the effort!
You feel much better.
Sigmund gestures wildly while chanting.
Sigmund flickers and vanishes!
Deactivating autopickup; reactivate with Ctrl-A.
Okay, then.
Non-targeted abil: Heal Wounds
Okay, then.
Unknown command.
A magic dart appears from out of thin air!
The magic dart hits you but does no damage.
There is an open door here.
Something hits you.
You closely miss something. Something hits you.
You miss something. Something hits you. x2
You closely miss something.
You hear some strange, mumbled words.
Something tries to affect you, but you resist.
You closely miss something. Something hits you but does no damage.
Something hits you!
You closely miss something. You block something's attack.
You miss something. Something hits you but does no damage.
You block something's attack.
You closely miss something. Something hits you.
You miss something. Something hits you but does no damage. Something hits you.
You barely miss something. Something hits you!
You hear some strange, mumbled words.
A puff of flame appears from out of thin air!
The puff of flame hits you.
You hit something. Something hits you!
You closely miss something. Something hits you!
* * * LOW HITPOINT WARNING * * *
Something hits you.
* * * LOW HITPOINT WARNING * * *
You closely miss something. Something hits you.
* * * LOW HITPOINT WARNING * * *
You closely miss something. Something hits you!
You die...

...................... ,,
, ......#.....).......#
#######.............# *
.........#'###......# **
, , .....###.#.# #......#
.........#.# #......# , ,
.....#####.# ###'####*
...........# ##.#####..
....##...### #.@.......,
, ....++...# #.{....... ,
....##...# #......... ,
###....##### #....$....
#....#...# #......... , ,
###....#...# #........#*
....>..#...# ##.:...... *
.......#...#####+####...*
.................. , , ,
,


There were no monsters in sight!

Vanquished Creatures
  A black bear (D:3)
  2 adders (D:2)
  2 worms (D:2)
  A dart slug (D:1)
  6 orcs (D:3)
  5 bats
  4 endoplasms
  2 goblins
  5 hobgoblins
  A kobold (D:1)
  2 quokkas (D:1)
  3 ball pythons
  3 rats
37 creatures vanquished.

Notes
Turn   | Place    | Note
-------+----------+-------------------------------------------
     0 | D:1      | dipablo the Deep Dwarf Fighter began the quest for the Orb.
     0 | D:1      | Reached XP level 1. HP: 20/20 MP: 1/1
   185 | D:1      | Reached XP level 2. HP: 16/27 MP: 2/2
   287 | D:1      | Found a faded altar of an unknown god.
   781 | D:2      | HP: 3/27 [worm (4)]
   783 | D:2      | Reached skill level 3 in Fighting
   807 | D:2      | Reached XP level 3. HP: 34/34 MP: 3/3
   908 | D:2      | Reached skill level 1 in Dodging
  1123 | D:3      | Noticed a black bear
  1132 | D:3      | Killed a black bear
  1133 | D:3      | Reached skill level 3 in Axes
  1133 | D:3      | Reached skill level 4 in Armour
  1133 | D:3      | Reached XP level 4. HP: 22/42 MP: 4/4
  1169 | D:3      | Found a radiant altar of Vehumet.
  1249 | D:3      | Reached XP level 5. HP: 17/49 MP: 5/5
  1590 | D:3      | Noticed Sigmund
  1607 | D:3      | HP: 12/49 [something (7)]
  1608 | D:3      | HP: 3/49 [something (5)]
  1609 | D:3      | Slain by Sigmund

Illustrated notes

Levels and vault maps discovered:
D:1:      sevenhm_arrival_forest_fort_small_4, layout_loops_ring, serial_glass,
          glass_columns_a, glass_columns_a, chequers_ecumenical_altar_twisty
D:2:      layout_rooms
D:3:      layout_basic, nicolae_vehumet_altar_sigil, kennysheep_crisscross,
          grunt_decor_resistance, due_unseen_surprise, uniq_sigmund

Skill      XL: |  1  2  3 |
---------------+----------+-----
Fighting       | 3 |  3.5
Dodging        | 1 |  1.6
Axes           | 3 |  3.4
Armour         | 4 |  4.2
Shields        | |  3.6

Action                   |  1- 3 |  4- 6 || total
-------------------------+-------+-------++-------
Melee: War axe           |   108 |    38 ||   146
 Abil: Heal Wounds       |     1 |     1 ||     2
Armor: Scale mail        |    68 |     7 ||    75
Dodge: Dodged            |    40 |    10 ||    50
Block: Kite shield       |    93 |     9 ||   102

Table legend: (Time is in decaauts)
 A = Elapsed time spent in this place.
 B = Non-inter-level travel time spent in this place.
 C = Inter-level travel time spent in this place.
 D = Time resting spent in this place.
 E = Time spent auto-exploring this place.
 F = Levels seen in this place.
 G = Mean time per level.
                   A        B        C        D        E       F      G
               +--------+--------+--------+--------+--------+-----+--------+
         Total |   1704 |   1624 |     80 |      0 |    853 |   3 |  568.0 |
       Dungeon |   1704 |   1624 |     80 |      0 |    853 |   3 |  568.0 |
               +--------+--------+--------+--------+--------+-----+--------+

Top non-repeatable levels by time:
     D:1: 726 daAuts
     D:3: 523 daAuts
     D:2: 454 daAuts

Table legend:
 A = Kills in this place as a percentage of kills in entire the game.
 B = Kills by you in this place as a percentage of kills by you in the entire game.
 C = Kills by friends in this place as a percentage of kills by friends in the entire game.
 D = Other kills in this place as a percentage of other kills in the entire game.
 E = Experience gained in this place as a percentage of experience gained in the entire game.
 F = Experience gained in this place divided by the number of levels of this place that you have seen.
                   A       B       C       D       E      F
               +-------+-------+-------+-------+-------+----------------------
         Total | 100.0 | 100.0 |   N/A |   N/A | 100.0 |  71.7
       Dungeon | 100.0 | 100.0 |   N/A |   N/A | 100.0 |  71.7
               +-------+-------+-------+-------+-------+----------------------
